 Dungeon Crawl Stone Soup version 0.26.0-10-g1f06aea511 (webtiles) character file.

Game seed: 7074498866790694770

1624 inc the Jinx (level 8, -6/40 HPs)
             Began as a Felid Enchanter on Feb 2, 2021.
             Was a Follower of Uskayaw.
             Mangled by a red ugly thing (25 damage)
             ... on level 8 of the Dungeon.
             The game lasted 00:27:43 (14594 turns).

inc the Jinx (Felid Enchanter)                     Turns: 14594, Time: 00:27:43

Health: -6/40      AC:  2    Str:  4    XL:     8   Next: 65%
Magic:  3/12       EV: 29    Int: 18    God:    Uskayaw [*.....]
Gold:   669        SH:  0    Dex: 19    Spells: 0/11 levels left
                                        Lives:  0   Deaths: 3

rFire    x . .     SeeInvis +     - Unarmed
rCold    + . .     Faith    .   (shield unavailable)
rNeg     . . .     Spirit   .   (armour unavailable)
rPois    .         Reflect  .   (helmet unavailable)
rElec    .         Harm     .   (cloak unavailable)
rCorr    .         Rampage  .   (gloves unavailable)
Will     +....                  (boots unavailable)
Stlth    ++++......             q - amulet of regeneration
HPRegen  0.53/turn              p - ring of ice
MPRegen  0.13/turn              v - +4 ring of evasion

@: lethally poisoned (-6 -> -7), quick
A: very small, no armour, no weapons or thrown items, stealth, claws 1, fangs 3,
see invisible, speed 1, shaggy fur 2, sharp paws
a: Renounce Religion, Stomp


You were on level 8 of the Dungeon.
You worshipped Uskayaw.
Uskayaw was noncommittal.
You visited 2 branches of the dungeon, and saw 10 of its levels.
You also visited: Ossuary.

You collected 669 gold pieces.

Inventory:

Jewellery
 p - a ring of ice (left paw)
 q - an amulet of regeneration (around neck)
 u - an uncursed ring of wizardry
 v - a +4 ring of evasion (right paw)
 x - an uncursed ring of willpower
 y - an uncursed ring of teleportation
 H - an uncursed ring of flight {unknown}
Wands
 s - a wand of random effects (20)
 w - a wand of disintegration (15)
 A - a wand of enslavement (16)
 I - a wand of acid (1)
 J - a wand of polymorph (9)
 K - a wand of iceblast (13)
Scrolls
 b - 3 scrolls of remove curse
 c - 6 scrolls of teleportation
 e - 8 scrolls of identify
 f - 3 scrolls of blinking {unknown}
 g - a scroll of enchant armour {unknown}
 h - a scroll of fear {unknown}
 i - a scroll of immolation {unknown}
 j - a scroll of amnesia {unknown}
 l - a scroll of noise {unknown}
 m - a scroll of enchant weapon {unknown}
 n - 2 scrolls of random uselessness {unknown}
 o - 3 scrolls of magic mapping {unknown}
 r - 2 scrolls of fog {unknown}
Potions
 a - 8 potions of curing
 d - 4 potions of heal wounds
 k - a potion of magic
 t - 3 potions of flight {unknown}
 z - 2 potions of brilliance {unknown}
 B - 2 potions of haste
 C - 2 potions of might {unknown}
 D - a potion of cancellation {unknown}
 E - 2 potions of resistance {unknown}
 F - 2 potions of mutation {unknown}
 G - a potion of invisibility {unknown}


   Skills:
 - Level 7.4 Fighting
 - Level 8.6 Dodging
 - Level 7.3 Stealth
 + Level 6.1 Unarmed Combat
 - Level 2.0 Spellcasting
 - Level 9.4 Hexes
 - Level 7.6 Translocations
 - Level 4.4 Ice Magic


You couldn't memorise any spells.
You knew the following spells:

 Your Spells              Type           Power        Failure   Level
a - Tukima's Dance        Hex            35%          1%          3
b - Ensorcelled Hibernat  Hex/Ice        80%          1%          2
c - Confusing Touch       Hex            35%          1%          3
f - Blink                 Tloc           N/A          1%          2
i - Corona                Hex            38%          1%          1

Your spell library contained the following spells:

 Spells                   Type           Power        Failure   Level
 Slow                     Hex            35%          1%          2
 Gell's Gravitas          Tloc           14%          2%          3
 Dazzling Flash           Conj/Hex       36%          8%          3
 Beastly Appendage        Tmut           2%           19%         1
 Magic Dart               Conj           4%           19%         1
 Call Imp                 Summ           1%           26%         2
 Wereblood                Tmut           1%           26%         2
 Metabolic Englaciation   Hex/Ice        20%          28%         5
 Conjure Flame            Conj/Fire      1%           47%         3
 Mephitic Cloud           Conj/Pois/Air  1%           47%         3
 Spider Form              Tmut/Pois      0%           47%         3
 Ice Form                 Ice/Tmut       14%          58%         4
 Yara's Violent Unravell  Hex/Tmut       9%           58%         5
 Petrify                  Tmut/Erth      1%           87%         4
 Blade Hands              Tmut           0%           99%         5


Dungeon Overview and Level Annotations

Branches:
Dungeon (9/15)             Temple (1/1) D:6         Ossuary (visited)
   Lair: D:8-11         Orc: D:9-12

Altars:
Ashenzari
Cheibriados
Dithmenos
Fedhas
Gozag
Hepliaklqana
Kikubaaqudgha
Makhleb
Nemelex Xobeh
Okawaru
Qazlal
Ru
Sif Muna
Trog
Uskayaw
Wu Jian
Xom
Yredelemnul
Zin
The Shining One

Annotations:
D:9 2 runed translucent doors


Innate Abilities, Weirdness & Mutations

You cannot wear armour.
You are incapable of wielding weapons or throwing items.
Your paws allow you to move quietly. (Stealth)
You have sharp claws.
You have razor-sharp teeth.
You have supernaturally acute eyesight. (SInv)
You cover ground quickly.
You are covered in thick fur. (AC +2)
Your sharp claws are effective at attacking unaware monsters.


Message History

Aim: a scorpion (chance to affect: 67%)
You feel a surge of power!
The scorpion looks drowsy...
You feel sick. The bullfrog misses you. The red ugly thing misses you.
The helpless scorpion fails to defend itself.
You eviscerate the scorpion!!!
You kill the scorpion!
You feel sick. The bullfrog completely misses you.
The red ugly thing closely misses you.
Casting: Ensorcelled Hibernation (safe; 1% risk of failure)
Confirm with . or Enter, or press ? or * to list all spells.
Aiming: Ensorcelled Hibernation (safe; 1% risk of failure)
Press: ? - help, Shift-Dir - straight line, f - red ugly thing
Aim: a red ugly thing (chance to affect: 50%)
You feel a surge of power!
The red ugly thing resists with some effort.
You feel sick. The bullfrog closely misses you. The bullfrog barely misses you.
The red ugly thing trunk-slaps you!
You are engulfed in flames!!
The fire burns you terribly!
Ouch! That really hurt!
You die...

..# #...c'....# ..#
#.⌠u†#.)..# ..#
#..⌠.#..c.# ..#
#....#...s#
..######
#'#########
.......# #(...#
......## #...÷#
#.###..# #..†u# ###
##.# #..F@# ##
#.############ .#
#............#
.#####.#..........#
..................#
..###.###.........#
....#.#...........#
#.###.#.#........##
#.#....(#.......##


You could see a red ugly thing and a bullfrog.

Vanquished Creatures
  A tengu conjurer (D:9)
  A hornet (D:7)
  A basilisk (D:9)
  Eustachio (D:5)
  A wraith (D:8)
  Menkaure (D:7)
  An ice beast (D:6)
  4 sky beasts
  4 orc warriors
  2 black bears
  A necrophage (D:7)
  4 ogres
  5 centaurs
  A big kobold (D:9)
  2 bullfrogs (D:6)
  2 gnoll sergeants (D:9)
  4 scorpions
  3 jellies
  8 howler monkeys
  A bullfrog zombie (D:7)
  A quasit (D:9)
  5 hounds
  5 orc wizards
  6 orc priests
  3 centaur skeletons
  3 iguanas
  Natasha (twice) (D:4)
  8 worker ants
  2 big kobold zombies (Ossuary)
  A hound zombie (D:8)
  2 hound skeletons
  8 mummies (Ossuary)
  9 adders
  18 gnolls
  2 ufetubi
  An ooze (D:1)
  3 adder skeletons
  An adder zombie (D:6)
  A worm (D:5)
  4 dart slugs
  4 leopard geckos
  39 orcs
  4 giant cockroaches
  5 goblins
  8 hobgoblins
  11 jackals
  17 kobolds
  3 quokkas
  A ball python (D:1)
  11 bats
  7 frilled lizards
  A gnoll zombie (Ossuary)
  A hobgoblin zombie (Ossuary)
  2 kobold zombies (Ossuary)
  A leopard gecko skeleton (D:4)
  2 orc zombies (Ossuary)
  A quokka skeleton (D:5)
  8 rats
259 creatures vanquished.

Vanquished Creatures (collateral kills)
  3 wights (D:7)
3 creatures vanquished.

Vanquished Creatures (others)
  2 dancing weapons (D:9)
2 creatures vanquished.

Grand Total: 264 creatures vanquished

Notes
Turn   | Place    | Note
-------+----------+-------------------------------------------
     0 | D:1      | inc the Felid Enchanter began the quest for the Orb.
     0 | D:1      | Reached XP level 1. HP: 7/7 MP: 4/4
   514 | D:1      | Reached XP level 2. HP: 11/11 MP: 4/6
   517 | D:1      | Learned a level 2 spell: Ensorcelled Hibernation
  1982 | D:2      | Reached XP level 3. HP: 13/14 MP: 0/7
  2514 | D:2      | Found a sparkling altar of Nemelex Xobeh.
  3160 | D:3      | Reached XP level 4. HP: 18/18 MP: 8/8
  3387 | D:2      | Learned a level 3 spell: Confusing Touch
  3554 | D:3      | Found a shimmering altar of Xom.
  4380 | D:2      | Reached skill level 5 in Hexes
  4535 | D:3      | Reached XP level 5. HP: 21/21 MP: 9/9
  5638 | D:1      | Killed from afar by an orc wizard
  5639 | D:1      | Reached XP level 4. HP: -4/18 MP: 2/8
  5745 | D:3      | Found a stormy altar of Qazlal.
  6066 | D:4      | Found an iron altar of Okawaru.
  6097 | D:4      | Noticed Natasha
  6105 | D:4      | Killed Natasha
  6117 | D:4      | Noticed Natasha
  6364 | D:4      | Reached skill level 1 in Fighting
  6543 | D:4      | Found an opulent altar of Gozag.
  6600 | D:4      | Reached XP level 5. HP: 22/22 MP: 3/9
  6648 | D:4      | Noticed an ogre
  6660 | D:4      | Killed an ogre
  6661 | D:4      | Reached skill level 5 in Stealth
  6667 | D:4      | Gained mutation: You are covered in thick fur. (AC +2)
                  | [Felid growth]
  6667 | D:4      | Reached XP level 6. HP: 17/26 MP: 2/10
  6929 | D:4      | Found a snail-covered altar of Cheibriados.
  6997 | D:4      | Killed Natasha
  7195 | D:4      | Reached skill level 6 in Hexes
  7316 | D:4      | Reached XP level 7. HP: 30/30 MP: 8/11
  7441 | D:5      | Entered Level 5 of the Dungeon
  7742 | D:5      | Reached skill level 1 in Ice Magic
  7872 | D:5      | Found a hazy altar of Hepliaklqana.
  7874 | D:5      | Found a sparkling altar of Nemelex Xobeh.
  7877 | D:5      | Found a glowing golden altar of the Shining One.
  8053 | D:5      | Reached skill level 7 in Hexes
  8291 | D:5      | Noticed Eustachio
  8309 | D:5      | Killed Eustachio
  8310 | D:5      | Reached skill level 8 in Hexes
  8546 | D:5      | Reached XP level 8. HP: 32/34 MP: 7/12
  8727 | D:5      | Learned a level 3 spell: Tukima's Dance
  8801 | D:6      | Reached skill level 9 in Hexes
  8995 | D:6      | Found a staircase to the Ecumenical Temple.
  9104 | D:6      | Reached skill level 5 in Fighting
  9232 | Temple   | Entered the Ecumenical Temple
  9264 | Temple   | Became a worshipper of Uskayaw the Reveller
  9507 | D:6      | Reached * piety under Uskayaw
  9508 | D:6      | Reached skill level 5 in Dodging
  9647 | D:6      | Reached ** piety under Uskayaw
  9980 | D:6      | Reached XP level 9. HP: 28/41 MP: 0/13
 10487 | D:7      | Reached *** piety under Uskayaw
 10618 | D:7      | Noticed Menkaure
 11429 | D:7      | Found a sparkling altar of Nemelex Xobeh.
 11593 | D:7      | Killed Menkaure
 11941 | D:8      | Found a sand-covered staircase.
 12003 | D:8      | Learned a level 2 spell: Blink
 12004 | Ossuary  | Entered an ossuary
 12138 | Ossuary  | Reached skill level 1 in Translocations
 12695 | D:8      | Found a broken altar of Ashenzari.
 12708 | D:8      | Reached skill level 5 in Translocations
 12953 | D:8      | Reached XP level 10. HP: 47/47 MP: 14/14
 13238 | D:9      | Found a shadowy altar of Dithmenos.
 13322 | D:8      | Noticed a red ugly thing
 13322 | D:8      | Noticed a centaur warrior
 13333 | D:8      | Annihilated by a red ugly thing
 13334 | D:8      | Reached XP level 9. HP: -22/43 MP: 8/13
 13741 | D:9      | Noticed a fire dragon
 13743 | D:9      | Found a runed translucent door.
 13743 | D:9      | Noticed a fire dragon
 13748 | D:9      | Found the +2 shield of Resistance {rF++ rC++ Will++}
 13860 | D:9      | Found a runed translucent door.
 13861 | D:9      | Noticed an ice dragon
 13864 | D:9      | Noticed an ice dragon
 14011 | D:9      | Reached skill level 5 in Unarmed Combat
 14189 | D:9      | Found a burning altar of Makhleb.
 14211 | D:9      | Noticed Psyche
 14411 | D:9      | Noticed a tengu conjurer
 14414 | D:9      | Noticed a boulder beetle
 14414 | D:9      | Noticed a cyclops
 14415 | D:9      | Killed a tengu conjurer
 14431 | D:9      | Noticed Psyche
 14506 | D:9      | Killed Psyche the basilisk
 14520 | D:9      | Mangled by a boulder beetle
 14521 | D:9      | Reached XP level 8. HP: -13/40 MP: 8/12
 14594 | D:8      | Mangled by a red ugly thing

Illustrated notes

Levels and vault maps discovered:
D:1:      psy_arrival_whirlpool, layout_basic
D:2:      layout_loops_ring, nemelex_lonely_heart_becter
D:3:      layout_loops_ring, general_overflow_altar, overflow_temple_1_default
D:4:      minmay_bubble_buster, layout_cave_pools, lemuel_doored_altar,
          kennysheep_slug_shrine, kennysheep_little_box, uniq_natasha
D:5:      layout_basic, minitemple, uniq_eustachio
D:6:      layout_layer_cave, minmay_temple_entry_statues
D:7:      layout_basic, basic_altar, uniq_menkaure
D:8:      minmay_klotski, layout_rooms, lemuel_round_altar, enter_ossuary_2,
          grunt_ministairs_3, minmay_misc_feat_roman
D:9:      minmay_cornered_nines, layout_irregular_city,
          nicolae_overflow_crystal_walls, gammafunk_temple_overflow_elements,
          kennysheep_mini_moat, minmay_guarded_unrand_resistance, uniq_psyche
Temple:   jpeg_temple_island

Skill      XL: |  1  2  3  4  5  6  7  8  9 10 |
---------------+-------------------------------+-----
Unarmed Combat | 2 3 4 6 |  6.1
Hexes          | 5 6 8 9 |  9.4
Dodging        | 3 4 6 8 |  8.6
Fighting       | 1 2 5 7 |  7.4
Stealth        | 5 6 7 |  7.3
Ice Magic      | 3 4 |  4.4
Translocations | 7 6 |  7.6
Spellcasting   | |  2.0

Action                   |  1- 3 |  4- 6 |  7- 9 | 10-12 || total
-------------------------+-------+-------+-------+-------++-------
Melee: Unarmed           |    76 |    95 |   378 |    17 ||   566
       Bite              |     3 |     5 |    27 |     3 ||    38
       Punch             |     1 |       |     2 |     1 ||     4
 Cast: Corona            |     5 |       |       |       ||     5
       Ensorcelled Hiber |    39 |    86 |   164 |     3 ||   292
       Confusing Touch   |       |       |    24 |     2 ||    26
       Tukima's Dance    |       |       |     5 |       ||     5
  Use: Scroll            |       |     5 |     1 |       ||     6
       Potion            |       |       |     2 |     1 ||     3
 Stab: Sleeping          |    26 |    59 |   116 |     5 ||   206
       Distracted        |     1 |       |       |       ||     1
       Confused          |       |       |    19 |     3 ||    22
       Paralysed         |       |       |     4 |       ||     4
Armor: Skin              |     2 |     8 |     5 |       ||    15
Dodge: Dodged            |    84 |   107 |   365 |    14 ||   570
